 Dungeon Crawl Stone Soup version 0.31-a0-1626-g5cb510d322 (webtiles) character file.

Game seed: 6701271914685162193

71 kae the Firebug (level 4, -1/24 HPs)
             Began as a Tengu Fire Elementalist on Jan 12, 2024.
             Slain by an orc wizard
             ... wielding a +0 dagger
              (3 damage)
             ... on level 3 of the Dungeon.
             The game lasted 00:01:33 (1854 turns).

kae the Firebug (Tengu Fire Elementalist)           Turns: 1854, Time: 00:01:34

Health: -1/24      AC:  2    Str:  8    XL:     4   Next: 24%
Magic:  3/8        EV: 11    Int: 18    God:
Gold:   83         SH:  4    Dex: 14    Spells: 4/7 levels left

rFire   . . .        i - +1 whip (venom)
rCold   . . .        c - +0 buckler
rNeg    . . .        a - +0 robe
rPois   .            (helmet restricted)
rElec   .            (no cloak)
rCorr   .            (no gloves)
SInv    .            (boots unavailable)
Will    .....        (no amulet)
Stlth   ++           (no ring)
HPRegen 0.24/turn    (no ring)
MPRegen 0.11/turn

%: acrobat
@: very slightly contaminated
A: beak, talons 3, acrobatic
a: no special abilities


You were on level 3 of the Dungeon.
You visited 1 branch of the dungeon, and saw 3 of its levels.

You collected 83 gold pieces.


Innate Abilities, Weirdness & Mutations

You have a beak for a mouth.
You have claws for feet.
You can magically evade attacks while moving or waiting.


   Skills:
 - Level 2.1 Dodging
 - Level 2.0 Stealth
 + Level 1.2 Shields
 + Level 2.4 Spellcasting
 * Level 3.3 Conjurations
 * Level 4.1 Fire Magic


You had 4 spell levels left.
You knew the following spells:

 Your Spells              Type           Power      Damage    Failure   Level
a - Foxfire               Conj/Fire      60%        2x1d7     6%          1
b - Scorch                Fire           32%        2d6       8%          2

Your spell library contained the following spells:

 Spells                   Type           Power      Damage    Failure   Level
 Inner Flame              Hex/Fire       9%         N/A       34%         3
 Volatile Blastmotes      Fire/Tloc      18%        2d11      34%         3
 Flame Wave               Conj/Fire      15%        2d7       52%         4

Inventory:

Hand Weapons
 e - a +0 short sword
   (You found it on level 1 of the Dungeon)
 i - a +1 whip of venom (weapon)
   (You took it off a kobold on level 2 of the Dungeon)
Missiles
 h - 13 stones
Armour
 a - a +0 robe (worn)
 c - a +0 buckler (worn)
   (You found it on level 1 of the Dungeon)
Scrolls
 d - a scroll of immolation {!r!r}
 g - 3 scrolls of identify {@r1}
Potions
 b - a potion of magic
 f - a potion of attraction {!q}

Dungeon Overview and Level Annotations

Branches:
Dungeon (3/15) Zot: 16142

Altars:
Dithmenos
Fedhas
Gozag

§§≈≈≈≈≈.≈.######## ..
≈§≈.._≈§≈..#.....# ..
≈.≈.≈≈≈§≈....###.### ..
..§.....§..###.....## ..##
#.≈≈§§≈≈≈≈≈...#.8...8.# ...#
#.≈.§...≈.†...#.......###
.#.###.≈.≈≈§.≈.≈o)....._.....#
.).....≈.≈_..§.v{#'#.......#
.†<)..§≈§§≈§≈≈.§@#.#.8...8.#
......§§.......≈v#.##.....##
......§≈≈≈≈≈≈≈≈§...####.###
...........§.....#...##o.o.....
.........#†#.#####.#.###...o.o.
.........#.#.# ### # #...(o.
...#######...# ...... ...#
#.#.# ...### #### #.#.. .#.


You could see an orc (ally target).


Message History

😎 MP[-1]
You lost 1 mp, and now have 4/8 mp.
Casting: Foxfire (safe; 6% risk of failure)
Confirm with . or Enter, or press ? or * to list all spells.
You conjure some foxfire!
The orc hits you with a +0 hand axe.
The orc hits your foxfire with a +0 hand axe.
The foxfire hits the orc. x2
You kill the orc! 😕 HP[-1]
You take 1 damage, and now have 23/24 hp.
Unknown command.
Casting: Foxfire (safe; 6% risk of failure)
Confirm with . or Enter, or press ? or * to list all spells.
You conjure some foxfire!
The foxfire hits something. x2
You hear some strange, mumbled words.
You are confused. 😕 MP[-1]
You lost 1 mp, and now have 3/8 mp.
You're too confused to cast spells.
You're too confused to cast spells.
You're too confused to cast spells.
You closely miss something. Your kick misses something.
Something hits you but does no damage. 😎 HP[+1]
Your hp is fully restored (24).
You miss something. Your kick misses something. Something hits you.
The orc hits you with a +0 war axe. 😮 HP[-8]
You take 8 damage, and now have 16/24 hp.
MASSIVE DAMAGE!! (PAUSE) You're too confused to move!
Something hits you. 😮 HP[-3]
You take 3 damage, and now have 13/24 hp.
Unknown command.
Something hits you but does no damage. The orc completely misses you.
The orc closely misses you.
You hit the orc but do no damage.
The orc is poisoned.
You feel less confused. Something completely misses you.
The orc hits you but does no damage.
The orc closely misses you. 😮 HP[+1] Unknown command.
Unknown command.
Unknown command.
Something barely misses you.
The orc completely misses you. 😮 MP[+1] Why would you want to do that?
You hear some strange, mumbled words.
A puff of flame appears from out of thin air!
The puff of flame misses you.
Unknown command.
You hit something but do no damage. Your peck misses something.
You hear some strange, mumbled words.
Something tries to affect you, but you resist. 😮 HP[+1]
You closely miss something.
You kill the orc!
Something hits you. x2
* * * LOW HITPOINT WARNING * * *
😨 HP[-3]
You take 3 damage, and now have 12/24 hp.
You miss something. Your kick misses something. Your peck misses something.
Something hits you.
* * * LOW HITPOINT WARNING * * *
😨 HP[-4]
You take 4 damage, and now have 8/24 hp.
You miss something. Something hits you.
* * * LOW HITPOINT WARNING * * *
😱 HP[-2]
You take 2 damage, and now have 6/24 hp.
You hit something. Something hits you.
* * * LOW HITPOINT WARNING * * *
😱 HP[-4]
You take 4 damage, and now have 2/24 hp.
You hit something but do no damage. Your peck misses something.
Something hits you.
* * * LOW HITPOINT WARNING * * *
😱 HP[-1] MP[+1]
You take 1 damage, and now have 1/24 hp.
It was a potion of curing.
You feel better.
You hear some strange, mumbled words.
A magic dart appears from out of thin air!
The magic dart hits you!
* * * LOW HITPOINT WARNING * * *
😱 HP[+1] Unknown command.
Casting: Foxfire (safe; 6% risk of failure)
Confirm with . or Enter, or press ? or * to list all spells.
You miscast Foxfire.
You are very lightly contaminated with residual magic.
Nothing appears to happen.
Something hits you.
* * * LOW HITPOINT WARNING * * *
😱 MP[-1]
You lost 1 mp, and now have 4/8 mp.
Casting: Foxfire (safe; 6% risk of failure)
Confirm with . or Enter, or press ? or * to list all spells.
You conjure some foxfire!
Something hits you.
You die...

Skill      XL: |  1  2  3 |
---------------+----------+-----
Conjurations   | 2 3 |  3.3
Shields        | 1 |  1.2
Fire Magic     | 4 |  4.1
Dodging        | |  2.1
Stealth        | |  2.0
Spellcasting   | |  2.4

Action                     |  1- 3 |  4- 6 || total
---------------------------+-------+-------++-------
  Melee: Unarmed           |    10 |       ||    10
         Kick              |     4 |       ||     4
         Peck              |     3 |       ||     3
         Whip              |     5 |     9 ||    14
         Short sword       |     5 |       ||     5
   Cast: Foxfire           |    62 |    17 ||    79
         Scorch            |     4 |       ||     4
    Use: Scroll            |     2 |       ||     2
         Potion            |       |     1 ||     1
 Armour: Robe              |    19 |    16 ||    35
  Dodge: Dodged            |    28 |     7 ||    35
  Block: Buckler           |     7 |       ||     7

Levels and vault maps discovered:
D:1:      psy_arrival_whirlpool, layout_basic, basic_ecumenical_altar
D:2:      layout_basic
D:3:      layout_basic, mainiacjoe_overflow_paths, grunt_gozag_statues,
          mainiacjoe_overflow_catwalk_spiral, gammafunk_ghost_split

Notes
Turn   | Place    | Note
-------+----------+-------------------------------------------
     0 | D:1      | kae the Tengu Fire Elementalist began the quest for the
                  | Orb.
     0 | D:1      | Reached XP level 1. HP: 10/10 MP: 4/4
     0 | D:1      | magus.rc [v1.11.3]
   136 | D:1      | Reached skill level 2 in Conjurations
   136 | D:1      | Reached XP level 2. HP: 15/15 MP: 3/6
   142 | D:1      | Learned a level 2 spell: Scorch
   524 | D:1      | Found a faded altar of an unknown god.
   884 | D:1      | Reached XP level 3. HP: 19/19 MP: 4/7
  1360 | D:2      | Reached skill level 1 in Shields
  1386 | D:2      | Reached skill level 3 in Conjurations
  1570 | D:2      | Reached skill level 4 in Fire Magic
  1685 | D:3      | Reached XP level 4. HP: 24/24 MP: 5/8
  1714 | D:3      | Found a blossoming altar of Fedhas.
  1754 | D:3      | Found a shadowy altar of Dithmenos.
  1759 | D:3      | Found an opulent altar of Gozag.
  1849 | D:3      | HP: 6/24 [something (3)]
  1850 | D:3      | HP: 2/24 [something (4)]
  1854 | D:3      | Slain by an orc wizard

Vanquished Creatures
  An adder (D:2)
  2 dart slugs
  4 orcs (D:3)
  7 ball pythons
  7 bats
  3 endoplasms
  2 giant cockroaches
  A goblin (D:2)
  5 hobgoblins
  4 jackals (D:1)
  A quokka (D:2)
  6 frilled lizards
  2 kobolds
  4 rats
49 creatures vanquished.

Vanquished Creatures (others)
  An orc (D:3)
  127 foxfires
128 creatures vanquished.

Grand Total: 177 creatures vanquished

Table legend:
 A = Non-vault XP
 B = Vault XP
 C = Vault XP percentage of total XP
 D = Non-vault monster count
 E = Vault monster count
 F = Vault count percentage of total count
                 A         B        C        D         E       F
            +---------+---------+-------+---------+---------+-------
      Total |     102 |       0 |   0.0 |      50 |       0 |   0.0
            +---------+---------+-------+---------+---------+-------
        D:1 |      41 |       0 |   0.0 |      25 |       0 |   0.0
        D:2 |      36 |       0 |   0.0 |      15 |       0 |   0.0
        D:3 |      25 |       0 |   0.0 |      10 |       0 |   0.0
            +---------+---------+-------+---------+---------+-------

Skill      XL: |  1  2  3 |
---------------+----------+-----
Conjurations   | 2 3 |  3.3
Shields        | 1 |  1.2
Fire Magic     | 4 |  4.1
Dodging        | |  2.1
Stealth        | |  2.0
Spellcasting   | |  2.4

Action                     |  1- 3 |  4- 6 || total
---------------------------+-------+-------++-------
  Melee: Unarmed           |    10 |       ||    10
         Kick              |     4 |       ||     4
         Peck              |     3 |       ||     3
         Whip              |     5 |     9 ||    14
         Short sword       |     5 |       ||     5
   Cast: Foxfire           |    62 |    17 ||    79
         Scorch            |     4 |       ||     4
    Use: Scroll            |     2 |       ||     2
         Potion            |       |     1 ||     1
 Armour: Robe              |    19 |    16 ||    35
  Dodge: Dodged            |    28 |     7 ||    35
  Block: Buckler           |     7 |       ||     7

Illustrated notes

Table legend:
 A = Kills in this place as a percentage of kills in the entire game.
 B = Kills by you in this place as a percentage of kills by you in the entire game.
 C = Kills by friends in this place as a percentage of kills by friends in the entire game.
 D = Other kills in this place as a percentage of other kills in the entire game.
 E = Experience gained in this place as a percentage of experience gained in the entire game.
 F = Experience gained in this place divided by the number of levels of this place that you have seen.
                   A       B       C       D       E      F
               +-------+-------+-------+-------+-------+----------------------
         Total | 100.0 | 100.0 |   N/A | 100.0 | 100.0 |  34.0
       Dungeon | 100.0 | 100.0 |   N/A | 100.0 | 100.0 |  34.0
               +-------+-------+-------+-------+-------+----------------------

Table legend: (Time is in decaauts)
 A = Elapsed time spent in this place.
 B = Non-inter-level travel time spent in this place.
 C = Inter-level travel time spent in this place.
 D = Time resting spent in this place.
 E = Time spent auto-exploring this place.
 F = Levels seen in this place.
 G = Mean time per level.
                   A        B        C        D        E       F      G
               +--------+--------+--------+--------+--------+-----+--------+
         Total |   1856 |   1782 |     74 |      0 |   1455 |   3 |  618.7 |
       Dungeon |   1856 |   1782 |     74 |      0 |   1455 |   3 |  618.7 |
               +--------+--------+--------+--------+--------+-----+--------+

Top non-repeatable levels by time:
     D:1: 985 daAuts
     D:2: 695 daAuts
     D:3: 175 daAuts
